 Dungeon Crawl Stone Soup version 0.24-a0-493-g7e4ddcd485 (webtiles) character file.

Game seed: 2178818281218407049

8 Azzok the Firebug (level 2, 17/19 HPs)
             Began as a Demonspawn Fire Elementalist on July 12, 2019.
             Quit the game on level 1 of the Dungeon.
             The game lasted 00:00:40 (600 turns).

Azzok the Firebug (Demonspawn Fire Elementalist)     Turns: 600, Time: 00:00:41

Health: 17/19      AC:  3    Str:  8    XL:     2   Next: 0%
Magic:  5/5        EV: 12    Int: 16    God:
Gold:   39         SH:  0    Dex: 13    Spells: 4/5 levels left

rFire    . . .     SeeInvis .   e - +0 hand axe
rCold    . . .     Gourm    .   (no shield)
rNeg     . . .     Faith    .   a - +0 robe
rPois    .         Spirit   .   (no helmet)
rElec    .         Reflect  .   (no cloak)
rCorr    .         Harm     .   (no gloves)
MR       .....                  b - +0 pair of boots (curse)
Stlth    ++........             (no amulet)
HPRegen  0.06/turn              (no ring)
MPRegen  0.09/turn              (no ring)

@: no status effects
A: rot immunity
a: no special abilities


You were on level 1 of the Dungeon.
You were not hungry.

You visited 1 branch of the dungeon, and saw 1 of its levels.

You collected 39 gold pieces.

Inventory:

Hand Weapons
 e - a +0 hand axe (weapon)
Armour
 a - a +0 robe (worn)
 b - a cursed +0 pair of boots (worn)
Scrolls
 d - a scroll of remove curse {unknown}
 g - a scroll of immolation {unknown}
Comestibles
 c - a ration
 f - 3 chunks of flesh


   Skills:
 - Level 1.7 Dodging
 - Level 1.7 Stealth
 + Level 2.2 Spellcasting
 + Level 1.4 Conjurations
 + Level 2.9 Fire Magic


You had 4 spell levels left.
You knew the following spells:

 Your Spells              Type           Power        Failure   Level  Hunger
a - Flame Tongue          Conj/Fire      #....        9%          1    #......

Your spell library contained the following spells:

 Spells                   Type           Power        Failure   Level  Hunger
 Throw Flame              Conj/Fire      #.....       13%         2    ###....
 Conjure Flame            Conj/Fire      #.......     26%         3    ###....
 Inner Flame              Hex/Fire       #.......     32%         3    ###....
 Sticky Flame             Conj/Fire      #.......     63%         4    #####..
 Fireball                 Conj/Fire      #.........   93%         5    ######.


Dungeon Overview and Level Annotations

Branches:
Dungeon (1/15)

Altars:


Innate Abilities, Weirdness & Mutations

You are immune to rotting.


Message History

The jackal bites you.
The jackal bites you but does no damage.
The jackal stops to sniff the ground.
You hit the jackal but do no damage.
The jackal is moderately wounded.
The jackal bites you but does no damage.
The jackal bites you.
You hit the jackal but do no damage.
The jackal is moderately wounded.
The jackal closely misses you.
You hit the jackal.
The jackal is heavily wounded.
The jackal closely misses you. x2
You hit the jackal.
You kill the jackal!
You have reached level 2!
Your demonic ancestry asserts itself...
You feel immune to rotting.
The jackal bites you but does no damage.
Are you sure you want to abandon this character and quit the game? (Confirm with "yes".)

▒▒·▒▒▒▒▒▒▒▒▒▒▒▒▒▒
·······sh@······▒
▒······▒▒▒▒▒▒▒▒·▒▒
▒······ ▒··▒
▒······ ▒▒·▒▒▒▒▒▒
▒······ ▒·······▒▒
▒······ ▒········▒
▒··▒▒▒·
▒···≈≈≈··▒▒ ··· ··
▒···≈≈≈···▒▒
▒▒··≈≈≈·····


You could see a jackal and a giant cockroach.

Vanquished Creatures
  A giant cockroach (D:1)
  A goblin (D:1)
  2 hobgoblins (D:1)
  A jackal (D:1)
  2 rats (D:1)
7 creatures vanquished.

Notes
Turn   | Place    | Note
-------+----------+-------------------------------------------
     0 | D:1      | Azzok the Demonspawn Fire Elementalist began the quest for
                  | the Orb.
     0 | D:1      | Reached XP level 1. HP: 13/13 MP: 3/3
   599 | D:1      | Gained mutation: You are immune to rotting. [demonic
                  | ancestry]
   599 | D:1      | Reached XP level 2. HP: 17/19 MP: 5/5
   600 | D:1      | Quit the game

Levels and vault maps discovered:
D:1:      psy_arrival_dodecagon, layout_basic, minmay_misc_feat_columns,
          chequers_serial_rivers_micro_c, st_stairs_8, minivault_26,
          chequers_arboretum, serial_park_tiny_pond, minmay_pentomino_v4

Action                   || total
-------------------------++-------
Melee: Unarmed           ||    24
       Hand axe          ||     6
 Cast: Flame Tongue      ||    11
Armor: Robe              ||     8
Dodge: Dodged            ||    21

Table legend:
 A = Non-vault XP
 B = Vault XP
 C = Vault XP percentage of total XP
 D = Non-vault monster count
 E = Vault monster count
 F = Vault count percentage of total count
                 A         B        C        D         E       F
            +---------+---------+-------+---------+---------+-------
      Total |      12 |       0 |   0.0 |       7 |       0 |   0.0
            +---------+---------+-------+---------+---------+-------
        D:1 |      12 |       0 |   0.0 |       7 |       0 |   0.0
            +---------+---------+-------+---------+---------+-------
